AoeStats
← bisusuperman

Black Forest

506656699Analyzed
4v4 RM · 17d ago on Sep 14, 2026· 19m 38s· 8 players
Game mode
Random Map
Map size
Large (8 player)
Population
200
Speed
Normal
Resources
Standard
Victory
Conquest
Starting age
Dark Age
Ending age
Imperial Age
RankedLock teamsTeams togetherTeam positionsShared explorationLock speedFull tech treeHidden civsTurbo modeCheats
Victory
Defeat
🇭🇰 Burgundians · Hong Kong SAR China
1304
+13
🇭🇰 Turks · Hong Kong SAR China
1297
+14
🇭🇰 Cumans · Hong Kong SAR China
1227
+17
🇭🇰 Spanish · Hong Kong SAR China
1222
+17
🇨🇳 Portuguese · China
1329
-19
🇹🇼 Japanese · Taiwan
1247
-15
🇹🇷 Lithuanians · Türkiye
1223
-14
🇨🇳 Turks · China
1180
-13
再讓我農一下
1:22 Loom
12:24 Feudal Age
12:58 Man-at-Arms
13:55 Forging
只爆叉叉
13:22 Feudal Age
bisusuperman
0:35 Loom
14:23 Feudal Age
Mrachnyy
6:55 Loom
14:11 Feudal Age
15:12 Double-Bit Axe
18:53 Castle Age
17:19 Gold Mining
19:18 Forging
19:13 Scale Barding Armor
五虎上將-張飛
0:26 Loom
10:02 Double-Bit Axe
14:09 Feudal Age
18:53 Fletching
五虎上將-黃忠
13:32 Feudal Age
17:34 Castle Age
15:32 Stone Mining
15:34 Gold Mining
15:31 Double-Bit Axe
15:44 Gold Mining
北九州最強ACE
1:07 Loom
13:38 Feudal Age
14:43 Double-Bit Axe
NevErXsTop
10:48 Feudal Age
12:20 Man-at-Arms
13:37 Loom
15:58 Horse Collar
16:09 Double-Bit Axe
Connection lost

Rejoining the realm…

Still unreachable

The connection could not be restored.

Session expired

The server has moved on; the page needs a fresh start.